Unix NetHack Version 5.0.0-0 post-release - last build May 31 2026 23:59:36 (970b52f25bf058293b47ddfd14a1e40e571c508c,branch:main).

Game began 2026-06-03 15:23:08, ended 2026-06-03 15:33:36.

Jobair, lawful female dwarven Archeologist

         -----------                                 ----------
         |...Z.....|                                #-........|
         |..%......|      ##########   --------   ###|r.....{.|
         |...<......#######------     #.......|   #  ------.---
         |.........|       |....|     #|.......####        ##
         |.........-#######-....-######||.....|             #
         ------.---- ##    |....|      |.......#####        ###
               #     ####d#.@....###   |......|    #          #
               #     ##    |....|      --------    #          #
               #    ##     ------                  ##         ####
               #   ##                               # ########   ##     #
             ###   #                                ######---.---.------.-
             #     #                                     #|.......^.....0|
          ---|---  #                                     #-..............|
          |.....| ##                                      |..............|
          |......##                                       ----------------
          -------

Jobair the Field Worker    St:16 Dx:10 Co:11 In:14 Wi:16 Ch:8  Lawful
Dlvl:3  $:22 HP:27(27) Pw:9(9) AC:8  Xp:3 T:1301 

Latest messages:
 You find a rolling boulder trap.
 You see here a food ration.
 You learn more about your items by comparing them.
 d - an uncursed food ration (5 in total).
 You see here a looking glass.
 You see here a sapphire ring.
 s - a sapphire ring.
 You kill the brown mold!
 You stop.  Godzilla is in the way!
 You swap places with Godzilla.
 You kill the grid bug!
 Welcome to experience level 3.
 The grid bug bites!
 You get zapped!
 You kill the grid bug!
 In what direction? 9
 Thwack!!
 In what direction? 9
 As you kick the door, it crashes open!
 In what direction? 9
 You kick at empty space.
 You are beginning to feel hungry.
 You swap places with Godzilla.
 Godzilla picks up a looking glass.
 You swap places with Godzilla.
 You swap places with Godzilla.
 You are beginning to feel weak.
 What do you want to eat?
 This food really hits the spot!
 You finish eating the food ration.
 You swap places with Godzilla.
 You swap places with Godzilla.
 You swap places with Godzilla.
 You hear bubbling water.
 Something is engraved here on the headstone.
 You read: "What are you smiling at?"
 You swap places with Godzilla.
 You swap places with Godzilla.
 What do you want to read?
 Never mind.
 You hear bubbling water.
 Where do you want to travel to?
 (For instructions type a '?')
 Can't find dungeon feature '>'.
 Really quit without saving? [yn] (n) y
 Do you want your possessions identified? [ynq] (y) y
 Do you want to see your attributes? [ynq] (y) y
 Do you want an account of creatures vanquished? [ynaq] (y) y
 Do you want to see your conduct and achievements? [ynq] (y) y
 Do you want to see the dungeon overview? [ynq] (y) y

Inventory:
 Coins    ('$')
  $ - 22 gold pieces
 Weapons  (')')
  i - 10 +0 arrows
  j - 9 cursed -1 arrows
  a - a +2 bullwhip (weapon in right hand)
  k - a cursed +0 scimitar
 Armor    ('[')
  c - an uncursed +0 fedora
  o - an uncursed +0 orcish helm
  q - an uncursed +0 orcish helm (being worn)
  b - an uncursed +0 leather jacket (being worn)
 Comestibles  ('%')
  d - 4 uncursed food rations
 Scrolls  ('?')
  p - an uncursed scroll of teleportation
 Spellbooks  ('+')
  r - an uncursed spellbook of create familiar
 Rings    ('=')
  s - an uncursed ring of see invisible
 Tools    ('(')
  h - an empty uncursed sack
  m - a cursed pair of lenses
  e - a +0 pick-axe (alternate weapon; not wielded)
  f - a tinning kit (0:53)
 Gems/Stones  ('*')
  n - a cursed flint stone
  g - an uncursed touchstone

Jobair the Archeologist's attributes:

Background:
 You were a Field Worker, a level 3 female dwarven Archeologist.
 You were lawful, nominally on a mission for Quetzalcoatl
 who was opposed by Camaxtli (neutral) and Huhetotl (chaotic).
 You were right-handed.
 You were in the Dungeons of Doom, on level 3.
 You entered the dungeon 1301 turns ago.
 You had 41 experience points, 39 more were needed to attain level 4.

Basics:
 You had all 27 hit points.
 You had all 9 energy points (spell power).
 Your armor class was 8.
 Your wallet contained 22 zorkmids.
 Autopickup was off.

Final Characteristics:
 Your strength was 16 (limit:18/100).
 Your dexterity was 10 (limit:20).
 Your constitution was 11 (limit:20).
 Your intelligence was 14 (limit:16).
 Your wisdom was 16 (limit:16).
 Your charisma was 8 (limit:16).

Final Status:
 You weren't hungry.
 You were unencumbered.
 You were wielding a whip.
 You had basic skill with whip.

Final Attributes:
 You were devoutly aligned.
 You had automatic searching.
 You had infravision.
 You survived.

Miscellaneous:
 You didn't encounter any bones levels.
 Total elapsed playing time was 10 minutes and 27 seconds.

Major events:
 Turn
    1: Jobair the lawful female dwarven Archeologist entered the dungeon
  976: attained the rank of Field Worker (level 3)
 1301: quit

You didn't know any spells.

Skills:
 Fighting Skills
   bare handed combat [Unskilled]
   two weapon combat  [Unskilled]
   riding             [Unskilled]
 Weapon Skills
   dagger             [Unskilled]
   knife              [Unskilled]
   pick-axe           [Basic]
   short sword        [Unskilled]
   saber              [Unskilled]
   club               [Unskilled]
   quarterstaff       [Unskilled]
   sling              [Unskilled]
   dart               [Unskilled]
   boomerang          [Unskilled]
   whip               [Basic]
   unicorn horn       [Unskilled]
 Spellcasting Skills
   attack spells      [Unskilled]
   healing spells     [Unskilled]
   divination spells  [Unskilled]
   matter spells      [Unskilled]

Voluntary challenges:
 Character rerolling was not enabled.
 You were an atheist.
 You never genocided any monsters.
 You never polymorphed an object.
 You never changed form.
 You used no wishes.
Achievements:
 You entered a shop.
 You attained the rank of Field Worker.

 The Dungeons of Doom: levels 1 to 3
    Level 1:
       A grave.
    Level 2:
       A bookstore.
    Level 3: <- You were here.
       A fountain, a grave.


Vanquished creatures:
  a brown mold
  a yellow mold
  a gecko
  2 jackals
  3 foxes
  2 goblins
  5 grid bugs
  4 newts
19 creatures vanquished.

No species were genocided or became extinct.

Goodbye Jobair the Archeologist...

You quit in The Dungeons of Doom on dungeon level 3 with 286 points,
and 22 pieces of gold, after 1301 moves.
You were level 3 with a maximum of 27 hit points when you quit.

